 Dungeon Crawl Stone Soup version 0.17-a0-2014-g32cd421 (webtiles) character file.

95 tp1 the Sneak (level 4, -4/28 HPs)
             Began as a Gargoyle Berserker on Oct 9, 2015.
             Was a Believer of Trog.
             Slain by a gnoll
             ... wielding a +0 halberd
              (5 damage)
             ... on level 3 of the Dungeon.
             The game lasted 00:06:25 (1774 turns).

tp1 the Sneak (Gargoyle Berserker)                  Turns: 1774, Time: 00:06:25

Health: -4/28      AC:  9    Str: 22    XL:     4   Next: 65%
Magic:  4/4        EV: 11    Int:  7    God:    Trog [**....]
Gold:   175        SH:  0    Dex:  9    Spells: 0 memorised, 3 levels left

rFire  . . .     SeeInvis .     o - +0 war axe
rCold  . . .     Clarity  .     l - +0 ring mail
rNeg   + . .     SustAt   .     (no shield)
rPois  ∞         Gourm    .     (no helmet)
rElec  +         Spirit   .     (no cloak)
rCorr  .         Warding  .     (no gloves)
rMut   .         Stasis   .     (no boots)
MR     .....                    (no amulet)
Stlth  ++........               (no ring)
                                (no ring)

@: not resistant to hostile enchantments, unstealthy
A: negative energy resistance 1, electricity resistance, unbreathing,
petrification resistance, rot immunity, AC +3
a: Burn Spellbooks, Berserk, Trog's Hand, Renounce Religion


You were on level 3 of the Dungeon.
You worshipped Trog.
Trog was pleased with you.
You were not hungry.

You visited 1 branch of the dungeon, and saw 3 of its levels.

You collected 175 gold pieces.

Inventory:

Hand Weapons
 a - a +0 hand axe
 o - a +0 war axe (weapon)
 t - a +0 mace
Armour
 b - a +0 animal skin
 l - a +0 ring mail (worn)
Jewellery
 v - a cursed ring of loudness {unknown}
Scrolls
 g - 5 scrolls of remove curse {unknown}
 h - a scroll of blinking {unknown}
 m - a scroll of random uselessness {unknown}
 n - a scroll of teleportation {unknown}
 p - a scroll of recharging {unknown}
 u - a scroll of fear {unknown}
Potions
 d - a potion of brilliance {unknown}
 e - a potion of magic {unknown}
 i - a potion of haste
 j - a potion of agility {unknown}
 k - a potion of might {unknown}
 r - a potion of ambrosia {unknown}
Comestibles
 c - 3 bread rations
 f - 3 beef jerkies
 q - 2 meat rations
 s - a royal jelly
 w - 2 chunks of flesh
 x - 3 fruits


   Skills:
 - Level 3.4 Fighting
 - Level 3.2 Axes
 - Level 2.1 Armour
 - Level 2.0 Dodging
 * Level 3.7 Stealth


You had 3 spell levels left.
You didn't know any spells.

Dungeon Overview and Level Annotations

Branches:
Dungeon (3/15)

Altars:
Fedhas


Innate Abilities, Weirdness & Mutations

You are resistant to torment.
Your stone body is resilient (AC +3).
You are immune to poison.
You resist negative energy.
You are resistant to electric shocks.
You can survive without breathing.
You are immune to petrification.
You are immune to rotting.


Message History

You barely miss the gnoll.
The gnoll is heavily wounded.
The gnoll hits you but does no damage.
You slash the gnoll!
You kill the gnoll!
Trog accepts your kill.
You slash the gnoll!
The gnoll is severely wounded.
The gnoll closely misses you. The gnoll barely misses you.
You slash the gnoll!
You kill the gnoll!
Trog accepts your kill.
The gnoll hits you from afar with a halberd!
The gnoll hits you with a halberd!
* * * LOW HITPOINT WARNING * * *
Items here: )) †† a flail; a spear of piercing; a gnoll corpse; a gnoll corpse You are too injured to fight recklessly!
You closely miss the gnoll. The gnoll hits you with a halberd.
You die...

#######.# #.#.#
#.# .#
###.###.#.# #(#
.. #.....#.#.#
#.# .#
#.#.#.#.#)# #.#
..
#.....>.#.#####.#
#.
#.#.#.###.##....#
# #.....# #.####
#.#.### #)# #.#(#
#@# # #. #g# #.#
. #.. . ###


You could see a gnoll.

Vanquished Creatures
  3 gnolls (D:3)
  2 adders (D:2)
  A worm (D:2)
  2 giant geckos (D:1)
  A ball python (D:1)
  8 bats
  5 hobgoblins
  3 jackals (D:1)
  8 kobolds
  A giant newt (D:1)
  6 goblins
  6 rats
46 creatures vanquished.

Notes
Turn   | Place    | Note
--------------------------------------------------------------
     0 | D:1      | tp1 the Gargoyle Berserker began the quest for the Orb.
     0 | D:1      | Reached XP level 1. HP: 14/14 MP: 1/1
   193 | D:1      | Reached XP level 2. HP: 17/19 MP: 2/2
   453 | D:1      | Reached skill level 1 in Stealth
   832 | D:1      | Acquired Trog's second power
   868 | D:1      | Reached XP level 3. HP: 18/23 MP: 3/3
  1268 | D:2      | Found a blossoming altar of Fedhas.
  1625 | D:2      | Reached XP level 4. HP: 25/28 MP: 4/4
  1773 | D:3      | HP: 1/28 [gnoll/halberd (12)]
  1774 | D:3      | Slain by a gnoll

Vault maps used:
D:1:      wheals_arrival_linesprint
D:2:      lemuel_upstairs_altar, old_standard_altar
D:3:      first_bread, kennysheep_nub, small_statue_intersection,
          nicolae_tso_swordbearing_angel

Action                   |  1- 3 |  4- 6 || total
-------------------------+-------+-------++-------
Melee: Hand axe          |    78 |       ||    78
       War axe           |    51 |    17 ||    68
  Eat: Chunk             |     2 |     1 ||     3
